 Dungeon Crawl Stone Soup version 0.32-a0-675-gdc239d62e1 (webtiles) character file.

Game seed: 8124831718001362807

124 BeKind the Chiller (level 5, -1/31 HPs)
             Began as an Octopode Ice Elementalist on Mar 11, 2024.
             Constricted to death by a ball python (2 damage)
             ... on level 4 of the Dungeon.
             The game lasted 00:04:14 (3293 turns).

BeKind the Chiller (Octopode Ice Elementalist)      Turns: 3293, Time: 00:04:15

Health: -1/31      AC:  1    Str:  8    XL:     5   Next: 8%
Magic:  0/9        EV:  3    Int: 19    God:
Gold:   161        SH:  0    Dex: 12    Spells: 2/9 levels left

rFire   . . .        j - +0 dagger
rCold   . . .        (no shield)
rNeg    . . .        (helmet restricted)
rPois   .            c - amulet of guardian spirit
rElec   .            (no ring)
rCorr   .            (no ring)
SInv    .            (no ring)
Will    .....        (no ring)
Stlth   ++++         (no ring)
HPRegen 0.25/turn    (no ring)
MPRegen 0.11/turn    (no ring)
                     (no ring)

%: guardian spirit
@: constricted
A: almost no armour, amphibious, 8 rings, camouflage 1, gelatinous body 1,
nimble swimmer 1, tentacles
a: no special abilities


You were on level 4 of the Dungeon.
You visited 1 branch of the dungeon, and saw 4 of its levels.

You collected 161 gold pieces.

Inventory:

Hand Weapons
 j - a +0 dagger (weapon)
Jewellery
 c - an amulet of guardian spirit (around mantle)
Scrolls
 b - 2 scrolls of identify {unknown}
 f - a scroll of immolation
 g - 2 scrolls of amnesia {unknown}
 h - a scroll of teleportation {unknown}
 k - a scroll of revelation {unknown}
 l - a scroll of fear {unknown}
 m - a scroll of blinking {unknown}
 o - a scroll of brand weapon {unknown}
Potions
 a - 2 potions of magic
 e - a potion of cancellation {unknown}
 i - a potion of brilliance {unknown}
 n - 2 potions of curing {unknown}
 p - a potion of haste {unknown}


   Skills:
 + Level 3.0 Dodging
 - Level 3.0 Stealth
 + Level 2.8 Spellcasting
 + Level 1.1 Summonings
 + Level 4.9 Ice Magic


You had 2 spell levels left.
You knew the following spells:

 Your Spells              Type           Power      Damage    Failure   Level
a - Freeze                Ice            84%        1d9       1%          1
b - Frozen Ramparts       Ice            42%        1d7       6%          3
c - Summon Ice Beast      Ice/Summ       14%        N/A       13%         3

Your spell library contained the following spells:

 Spells                   Type           Power      Damage    Failure   Level
 Summon Small Mammal      Summ           28%        N/A       10%         1
 Apportation              Tloc           4%         N/A       16%         1
 Necrotise                Necr           8%         1d4       16%         1
 Sting                    Conj/Alch      8%         1d3       16%         1
 Ozocubu's Armour         Ice            21%        N/A       6%          3
 Call Canine Familiar     Summ           7%         N/A       28%         3
 Summon Blazeheart Golem  Fire/Summ      4%         N/A       77%         4


Dungeon Overview and Level Annotations

Branches:
Dungeon (4/15)
 Temple: D:4-7

Altars:
Ru


Innate Abilities, Weirdness & Mutations

You cannot wear most types of armour.
You are amphibious.
You can wear up to eight rings at the same time.
Your skin changes colour to match your surroundings (Stealth+).
Your rubbery body absorbs attacks. (AC +1, EV +1)
You are camouflaged when in or above water. (Stealth+)
You have tentacles for arms and can constrict up to eight enemies at once.


Message History

The ball python bites you. The ball python barely misses you.
Found a brass wand.
The ball python bites you. The ball python grabs you.
The ball python constricts you.
You escape the ball python's grasp.
The ball python attacks as it pursues you!
The ball python closely misses you. The ball python barely misses you.
The ball python barely misses you. The ball python closely misses you.
You enter the shallow water.
The ball python attacks as it pursues you!
The ball python barely misses you. The ball python misses you.
The ball python bites you. The ball python misses you.
The ball python bites you but does no damage.
The ball python grabs you. The ball python constricts you.
The ball python's grasp on you weakens, but your attempt to escape fails.
The ball python barely misses you. The ball python constricts you.
You are too injured to fight recklessly!
You completely miss the ball python. Your grab misses the ball python.
The ball python is moderately wounded.
The ball python bites you. The ball python constricts you.
The ball python's grasp on you weakens, but your attempt to escape fails.
The iguana bites you.
* * * LOW HITPOINT WARNING * * *
The ball python bites you.
* * * LOW HITPOINT WARNING * * *
The ball python constricts you.
* * * LOW HITPOINT WARNING * * *
You escape the ball python's grasp.
The iguana attacks as it pursues you! The iguana closely misses you.
The ball python bites you but does no damage.
The ball python grabs you. The ball python constricts you.
* * * LOW HITPOINT WARNING * * *
The air fills with toxic fumes!
As you read the scroll labelled ZUNLIMP UGEYRPH, it crumbles to dust.
It was a scroll of poison.
The iguana bites you.
* * * LOW HITPOINT WARNING * * *
The ball python bites you.
* * * LOW HITPOINT WARNING * * *
The ball python constricts you.
You die...

### #.# ###..#### #§##
#§...§# # #§§# ♣♣♣§♣♣§§♣#
##. .#♣§♣♣♣§§♣§§§§§♣♣
!.#.♣§♣§§§§§§♣§§§§~♣♣♣♣♣
##~♣♣§§§§§§P§§§§§§~♣P~~♣
#P♣P§§§§§§§§§§§§§§~P~~P~
###♣~~P♣§PP§§Sl§§§§§§≈~~~~~
#..~~~§§§P§§§@§§§§§§§≈≈~~~~~
#..♣P~§§§§§§§§§§§§§§§≈≈~~~~~
#.♣♣P~§§§§§§§§§§§§§§§≈≈~P~~
#.(♣♣~§§§§PP§§§§§§§§§~~♣P~~
#...♣~§§§§§P§§§§§§§§P♣~~♣PP
#.....♣§♣§♣PP§§§§§§§P~~~~~~
#.....§♣♣♣§♣§§§§§§§§§~♣♣♣♣P.
#........♣♣♣P♣♣♣§§♣§§♣♣..♣..
#............♣♣♣..♣♣........


You could see an iguana and a ball python.

Vanquished Creatures
  5 adders
  3 dart slugs (D:3)
  2 ribbon worms (D:2)
  An orc (D:3)
  9 ball pythons
  6 endoplasms
  2 giant cockroaches
  6 goblins
  5 hobgoblins
  4 jackals
  A quokka (D:3)
  9 bats
  4 frilled lizards
  6 kobolds
  6 rats
69 creatures vanquished.

Notes
Turn   | Place    | Note
-------+----------+-------------------------------------------
     0 | D:1      | BeKind the Octopode Ice Elementalist began the quest for
                  | the Orb.
     0 | D:1      | Reached XP level 1. HP: 11/11 MP: 3/3
   178 | D:1      | Reached XP level 2. HP: 17/17 MP: 3/5
   249 | D:1      | Found a faded altar of an unknown god.
   971 | D:2      | Reached XP level 3. HP: 18/21 MP: 0/6
   975 | D:2      | Learned a level 3 spell: Frozen Ramparts
  2237 | D:3      | Reached XP level 4. HP: 27/27 MP: 7/7
  2241 | D:3      | Learned a level 3 spell: Summon Ice Beast
  2320 | D:3      | Found a sacrificial altar of Ru.
  3157 | D:4      | Reached skill level 1 in Summonings
  3260 | D:4      | Reached XP level 5. HP: 21/31 MP: 5/9
  3293 | D:4      | HP: 1/31 [ball python (1)]
  3293 | D:4      | Constricted to death by a ball python

Illustrated notes

Levels and vault maps discovered:
D:1:      dpeg_arrival_brainrot, layout_basic, hellmonk_ecumenical_altar_blasted
D:2:      minmay_evil_eye, layout_basic
D:3:      layout_loops_corners, mainiacjoe_overflow_surrounded_room,
          minmay_three_crescents
D:4:      layout_basic, serial_bayou_lake_a

Skill      XL: |  1  2  3  4 |
---------------+-------------+-----
Stealth        | 3 |  3.0
Summonings     | 1 |  1.1
Dodging        | 3 |  3.0
Spellcasting   | |  2.8
Ice Magic      | |  4.9

Action                     |  1- 3 |  4- 6 || total
---------------------------+-------+-------++-------
  Melee: Unarmed           |     4 |       ||     4
         Tentacles         |     9 |    10 ||    19
         Constrict         |     8 |    12 ||    20
         Dagger            |    21 |    55 ||    76
   Cast: Freeze            |    40 |     2 ||    42
         Frozen Ramparts   |     1 |       ||     1
    Use: Scroll            |       |     1 ||     1
   Stab: Sleeping          |     5 |     9 ||    14
 Armour: Skin              |    24 |    39 ||    63
  Dodge: Dodged            |    27 |    42 ||    69

Table legend: (Time is in decaauts)
 A = Elapsed time spent in this place.
 B = Non-inter-level travel time spent in this place.
 C = Inter-level travel time spent in this place.
 D = Time resting spent in this place.
 E = Time spent auto-exploring this place.
 F = Levels seen in this place.
 G = Mean time per level.
                   A        B        C        D        E       F      G
               +--------+--------+--------+--------+--------+-----+--------+
         Total |   3292 |   3211 |     81 |     39 |   2694 |   4 |  823.0 |
       Dungeon |   3292 |   3211 |     81 |     39 |   2694 |   4 |  823.0 |
               +--------+--------+--------+--------+--------+-----+--------+

Top non-repeatable levels by time:
     D:2: 1368 daAuts
     D:1: 864 daAuts
     D:3: 856 daAuts
     D:4: 202 daAuts
